Map: Newkirk Precinct TE (Void)

Players

Vandj - Winner!

  • Race: Zerg Zerg
  • League: Diamond
  • Spawn Location: 7:00

Musumeci

  • Race: Zerg Zerg
  • League: Diamond
  • Spawn Location: 5:00

VOD

Have the link to the VOD?

Description

Time

  • Played on: Jan. 7, 2017, 2:41 p.m.
  • Length: 10:31
Show
View Real Time Build Order
Export as new Build Order

Vandj Zerg - Winner!

Build Orders: Pool First 

Get SALT Encoding   

  12  0:03  Drone  
  13  0:09  Extractor  
  13  0:12  Drone  
  13  0:19  Drone  
  14  0:25  Overlord  
  14  0:44  Drone  
  14  0:45  Drone  
  16  0:56  Spawning Pool  
  15  1:01  Drone  
  16  1:04  Drone  
  16  1:09  Drone  
  18  1:38  Hatchery  
  17  1:44  Baneling Nest  
  17  1:45  Zergling x4  
  18  1:52  Overlord  
  18  1:58  Drone  
  19  2:08  Zergling x2  
  19  2:11  Queen  
  22  2:18  Metabolic Boost  
  22  2:22  Zergling x2  
  21  2:30  Zergling x2  
  22  2:40  Zergling x2  
  21  2:51  Zergling x2  
  22  3:02  Zergling x2  
  22  3:03  Zergling x2  
  23  3:09  Zergling x2  
  24  3:14  Zergling x2  
  24  3:15  Zergling x2  
  26  3:20  Zergling x2  
  26  3:21  Zergling x2  
  28  3:28  Zergling x4  
  28  3:31  Zergling x2  
  31  3:37  Zergling x2  
  31  3:39  Zergling x2  
  33  3:45  Drone  
  33  3:46  Drone  
  35  3:55  Drone  
  36  3:59  Baneling x4  
  36  4:02  Baneling  
  36  4:03  Baneling  
  36  4:09  Overlord  
  35  4:20  Overlord  
  35  4:36  Drone  
  35  4:37  Queen, Drone  
  39  4:39  Drone  
  39  4:40  Drone x2  
  39  4:43  Drone  
  43  4:46  Drone  
  43  4:49  Drone  
  45  4:53  Drone  
  45  4:55  Drone  
  47  5:06  Baneling x4  
  47  5:11  Baneling, Evolution Chamber  
  46  5:29  Roach Warren  
  46  5:32  Drone  
  46  5:33  Drone  
  46  5:35  Hatchery, Drone  
  47  5:38  Drone  
  47  5:51  Hatchery  
  46  5:58  Drone x3  
  46  5:59  Drone x2  
  46  6:00  Drone  
  52  6:06  Baneling x2  
  51  6:23  Roach  
  51  6:24  Overlord x2  
  51  6:25  Overlord x2  
  52  6:26  Zerg Missile Weapons Level 1  
  52  6:28  Extractor  
  51  6:33  Overlord  
  51  6:46  Zergling x2  
  51  6:47  Zergling x10  
  57  7:00  Roach x4  
  65  7:01  Lair  
  65  7:05  Roach x2  
  65  7:06  Roach  
  65  7:07  Zergling x4  
  73  7:10  Queen  
  73  7:13  Drone x2, Baneling x2  
  73  7:14  Drone  
  78  7:16  Extractor  
  78  7:21  Extractor  
  78  7:22  Drone  
  77  7:24  Drone  
  77  7:27  Drone  
  79  7:31  Baneling x2  
  79  7:33  Zergling x2  
  79  7:34  Drone  
  81  7:38  Drone x3  
  81  7:39  Drone  
  83  7:52  Roach x3  
  83  7:53  Roach x3  
  97  7:58  Roach  
  97  8:00  Overlord  
  97  8:08  Spine Crawler, Overlord  
  97  8:09  Overlord  
  97  8:11  Drone  
  97  8:20  Roach x3  
  97  8:21  Roach  
  105  8:27  Overlord  
  105  8:33  Roach x3  
  110  8:35  Drone x2  
  110  8:37  Drone  
  112  8:43  Drone x3  
  114  8:49  Roach x2  
  114  8:50  Roach  
  114  8:55  Roach x2  
  121  8:56  Drone  
  121  8:58  Drone  
  121  9:02  Drone x2  
  125  9:04  Drone  
  125  9:06  Baneling x2  
  125  9:07  Roach  
  128  9:20  Roach  
  130  9:26  Overlord x2  
  130  9:29  Extractor  
  130  9:30  Overlord x2  
  130  9:31  Overlord, Extractor  
  127  9:36  Roach x2  
  127  9:38  Overlord x3  
  130  9:48  Drone x2  
  130  9:49  Drone  
  130  9:50  Drone  
  130  9:51  Drone x3  
  130  9:52  Drone  
  138  9:53  Drone  
  138  9:55  Baneling x3  
  138  9:58  Drone  
  142  10:11  Overlord x2  
Show
View Real Time Build Order
Export as new Build Order

Musumeci Zerg 

Build Orders: Pool First 

Get SALT Encoding   

  12  0:00  Drone  
  13  0:11  Drone  
  14  0:20  Drone, Extractor  
  15  0:30  Overlord  
  15  0:41  Spawning Pool  
  14  0:50  Drone  
  14  0:51  Drone x2  
  17  1:27  Hatchery, Zergling x6  
  19  1:33  Extractor  
  19  1:38  Zergling x2  
  19  1:58  Spine Crawler  
  19  1:59  Zergling x2  
  19  2:10  Spine Crawler  
  19  2:11  Spine Crawler, Zergling x4  
  19  2:21  Zergling x2  
  18  2:42  Zergling x2  
  18  2:43  Zergling x2  
  20  2:54  Queen  
  20  2:58  Drone x3  
  25  3:04  Zergling x2  
  25  3:05  Zergling x2  
  21  3:45  Metabolic Boost  
  21  3:46  Zergling x4  
  21  3:47  Zergling x8  
  23  4:02  Baneling Nest  
  22  4:03  Zergling x6  
  22  4:04  Zergling x4  
  27  4:10  Zergling x2  
  28  4:17  Overlord  
  28  4:35  Queen  
  28  4:37  Drone  
  31  4:47  Drone x2  
  33  4:57  Drone  
  33  4:58  Drone  
  36  5:00  Drone  
  36  5:39  Hatchery  
  28  5:46  Drone x7  
  34  5:59  Zergling x2  
  34  6:02  Overlord  
  34  6:24  Drone x9  
  42  6:35  Zergling x2  
  43  6:40  Baneling  
  43  6:46  Baneling  
  43  6:59  Lair  
  43  7:02  Zergling x12  
  47  7:19  Extractor  
  46  7:23  Overlord x3  
  46  7:24  Overlord  
  46  7:26  Drone x2  
  46  7:28  Baneling x2  
  48  7:31  Drone x2  
  48  7:32  Overlord  
  50  7:41  Queen  
  52  7:44  Evolution Chamber  
  52  7:46  Evolution Chamber  
  52  7:47  Drone  
  52  7:48  Drone x4  
  51  7:53  Drone  
  51  7:54  Drone x4  
  56  8:11  Zerg Melee Weapons Level 1, Zerg Ground Armor Level 1  
  56  8:14  Extractor  
  56  8:15  Zergling x18, Extractor  
  63  8:26  Drone x4  
  60  8:45  Drone x4  
  61  8:55  Zergling x16  
  68  8:57  Zergling x6  
  71  9:12  Zergling x6  
  70  9:18  Zergling x10  
  60  9:48  Zergling x20  
  70  10:01  Spine Crawler  
  70  10:02  Spine Crawler x2, Drone  
  70  10:03  Drone x4  
  71  10:18  Hatchery  
Tags
 
Add a new tag
Caveats
  • Supply blocks, unpowered buildings, or Contaminate may cause inaccurate times.
  • Supply counts are checked every 10 seconds.